 Dungeon Crawl Stone Soup version 0.30.0-5-g1a98f26d00 (webtiles) character file.

Game seed: 513367492689526677

300 jimonade the Cudgeller (level 6, -9/48 HPs)
             Began as a Mummy Monk on May 11, 2023.
             Mangled by an ogre
             ... wielding a +0 giant spiked club
              (24 damage)
             ... on level 4 of the Dungeon.
             The game lasted 00:06:10 (3698 turns).

jimonade the Cudgeller (Mummy Monk)                 Turns: 3698, Time: 00:06:10

Health: -9/48      AC:  8    Str: 15    XL:     6   Next: 13%
Magic:  6/6        EV:  8    Int: 11    God:
Gold:   143        SH:  0    Dex: 14    Spells: 5/5 levels left

rFire   x . .        a - +0 mace
rCold   + + .        c - orb {light}
rNeg    + + +        q - +0 chain mail
rPois   ∞            (no helmet)
rElec   .            (no cloak)
rCorr   .            (no gloves)
SInv    .            (no boots)
Will    .....        (no amulet) Stlth
                     k - ring of protection from cold
HPRegen 0.28/turn    (no ring)
MPRegen 0.10/turn

%: faith
@: glowing
A: cold resistance 1, negative energy resistance 3, torment resistance 2, heat
vulnerability 1, in touch with death 1, no potions, faith
a: no special abilities


You were on level 4 of the Dungeon.
You visited 1 branch of the dungeon, and saw 4 of its levels.

You collected 143 gold pieces.

Inventory:

Hand Weapons
 a - a +0 mace (weapon)
 j - a +0 short sword of draining
 l - a +2 heavy mace
 s - a +0 trident
Missiles
 g - 4 poisoned darts (quivered)
 o - 19 stones
 p - 6 atropa-tipped darts
 w - 6 datura-tipped darts
 x - 2 javelins
Armour
 b - a +0 robe
 c - an orb of light (worn)
 i - a +0 leather armour
 q - a +0 chain mail (worn)
Jewellery
 k - a ring of protection from cold (left hand)
 u - an amulet of magic regeneration
Scrolls
 d - a scroll of enchant weapon {unknown}
 e - 2 scrolls of blinking {unknown}
 f - 6 scrolls of identify {unknown}
 h - 3 scrolls of teleportation {unknown}
 m - a scroll of summoning {unknown}
 n - a scroll of silence {unknown}
 r - a scroll of immolation {unknown}
 t - a scroll of noise {unknown}
 v - a scroll of vulnerability {unknown}
 y - a scroll of fog {unknown}


   Skills:
 + Level 3.9 Fighting
 + Level 4.1 Maces & Flails
 + Level 2.2 Armour
 + Level 3.1 Dodging


You had 5 spell levels left.
You didn't know any spells.
Your spell library contained the following spells:

 Spells                   Type           Power      Damage    Failure   Level
 Lesser Beckoning         Tloc           0%         N/A       100%        2
 Scorch                   Fire           0%         2d5       100%        2
 Gell's Gravitas          Tloc           0%         N/A       100%        3
 Portal Projectile        Hex/Tloc       0%         N/A       100%        3
 Summon Guardian Golem    Hex/Summ       0%         N/A       100%        3
 Teleport Other           Tloc           0%         N/A       100%        3
 Tukima's Dance           Hex            0%         N/A       100%        3
 Flame Wave               Conj/Fire      0%         2d4       100%        4
 Conjure Ball Lightning   Conj/Air       0%         3x3d6     100%        6
 Summon Cactus Giant      Summ           0%         N/A       100%        6
 Orb of Destruction       Conj           0%         9d5       100%        7
 Spellforged Servitor     Conj/Summ      0%         N/A       100%        7
 Discord                  Hex            0%         N/A       100%        8
 Disjunction              Tloc           0%         N/A       100%        8
 Blade Hands              Tmut           Unusable   N/A       N/A         5

Dungeon Overview and Level Annotations

Branches:
Dungeon (4/15)
 Temple: D:4-7

Altars:
Sif Muna


Innate Abilities, Weirdness & Mutations

You are immune to poison.
Your flesh is cold resistant. (rC+)
You are immune to negative energy. (rN+++)
You are immune to unholy pain and torment.
You are vulnerable to heat. (rF-)
You are in touch with the powers of death.
You do not drink.
You have a special connection with the divine. (Faith)


Message History

Aim: an ogre, wielding a +0 giant spiked club (74% to hit)
You throw a poisoned dart.
The poisoned dart barely misses the ogre.
Throw: 8 darts (poison)
Press: ? - help, Q - select action, (/) - cycle Shift-Dir - straight line, f/p - ogre
Aim: an ogre, wielding a +0 giant spiked club (74% to hit)
You throw a poisoned dart.
The poisoned dart completely misses the ogre.
Throw: 7 darts (poison)
Press: ? - help, Q - select action, (/) - cycle Shift-Dir - straight line, f/p - ogre
Aim: an ogre, wielding a +0 giant spiked club (74% to hit)
You throw a poisoned dart. The poisoned dart hits the ogre.
Throw: 6 darts (poison)
Press: ? - help, Q - select action, (/) - cycle Shift-Dir - straight line, f/p - ogre
Aim: an ogre, wielding a +0 giant spiked club (haloed, 93% to hit)
You throw a poisoned dart. The poisoned dart hits the ogre.
The ogre is poisoned.
Throw: 5 darts (poison)
Press: ? - help, Q - select action, (/) - cycle Shift-Dir - straight line, f/p - ogre
Aim: an ogre, wielding a +0 giant spiked club (lightly wounded, poisoned, haloed, 93% to hit)
You throw a poisoned dart. The poisoned dart hits the ogre.
The ogre looks even sicker.
The ogre is lightly wounded.
The ogre completely misses you.
You hit the ogre.
The ogre is moderately wounded.
The ogre hits you with a +0 giant spiked club!
You hit the ogre.
The ogre is heavily wounded.
The ogre barely misses you.
You hit the ogre.
The ogre is heavily wounded.
You hit the ogre but do no damage.
The ogre is heavily wounded.
The ogre hits you with a +0 giant spiked club!
You hit the ogre.
The ogre is severely wounded.
The ogre hits you with a +0 giant spiked club!!
Ouch! That really hurt!
You die...

######..........##...##.#.##
###..##...##..........##.#.##.
#...>................##.#.##.#
##..................###.#.##.#.
#.........#.....##..##.#.## #.#
##...##...##)....##..##.#.##.#.
######<....##..##....##.#.##.#
###..##...>O........##.#.##.
##..........@(........##.#.##
###...........#.(........##.#.#
#.............##.(........##.#.
##...##...##......((.......##.#
#..##.............##.......##.
#.......#...#......####.....##
##......#...........##.......#
#......##..#.................
##...####.....##........#....


You could see an ogre (poisoned).

Vanquished Creatures
  A phantom (D:4)
  A scorpion (D:3)
  A hound (D:4)
  Jessica (D:3)
  An adder (D:4)
  An ufetubus (D:3)
  A worm (D:2)
  4 dart slugs
  5 ball pythons
  3 bats
  10 endoplasms
  4 giant cockroaches
  7 goblins
  11 hobgoblins
  4 jackals
  2 quokkas
  7 frilled lizards
  9 kobolds
  5 rats
78 creatures vanquished.

Notes
Turn   | Place    | Note
-------+----------+-------------------------------------------
     0 | D:1      | jimonade the Mummy Monk began the quest for the Orb.
     0 | D:1      | Reached XP level 1. HP: 18/18 MP: 1/1
   181 | D:1      | Reached XP level 2. HP: 18/24 MP: 2/2
   653 | D:1      | Gained mutation: You are in touch with the powers of death.
                  | [Mummy growth]
   653 | D:1      | Reached XP level 3. HP: 27/29 MP: 3/3
  1064 | D:2      | Reached skill level 3 in Maces & Flails
  1935 | D:3      | Reached XP level 4. HP: 35/35 MP: 4/4
  2245 | D:3      | Noticed Jessica
  2682 | D:3      | Killed Jessica
  2732 | D:3      | Found a shimmering blue altar of Sif Muna.
  2820 | D:4      | Reached skill level 1 in Armour
  2850 | D:4      | Noticed an ogre
  2904 | D:4      | Noticed a scorpion
  2905 | D:4      | Noticed a phantom
  2921 | D:3      | Killed a scorpion
  2922 | D:3      | Reached XP level 5. HP: 31/42 MP: 5/5
  3071 | D:4      | Killed a phantom
  3072 | D:4      | Reached skill level 4 in Maces & Flails
  3352 | D:4      | Reached XP level 6. HP: 48/48 MP: 6/6
  3698 | D:4      | Mangled by an ogre

Illustrated notes

Levels and vault maps discovered:
D:1:      ebering_trefoil_3fold, layout_basic, hangedman_decor_points
D:2:      layout_loops_cross
D:3:      layout_basic, tgw_sif
D:4:      minmay_inner_zag, layout_cave_pools

Skill      XL: |  1  2  3  4  5 |
---------------+----------------+-----
Maces & Flails | 3 4 |  4.1
Dodging        | 3 |  3.1
Armour         | 1 2 |  2.2
Fighting       | |  3.9

Action                     |  1- 3 |  4- 6 || total
---------------------------+-------+-------++-------
  Melee: Mace              |   141 |    98 ||   239
  Throw: Dart              |       |     5 ||     5
 Armour: Robe              |     6 |       ||     6
         Leather armour    |    23 |       ||    23
         Chain mail        |    12 |    67 ||    79
  Dodge: Dodged            |   104 |    39 ||   143
